 Dungeon Crawl Stone Soup version 0.23.2-40-g277498a001 (webtiles) character file.

Game seed: 14479500123944653248

6125 Leekoo the Spear-Bearer (level 11, -13/80 HPs)
             Began as a Formicid Abyssal Knight on Sept 26, 2019.
             Was a High Priest of Lugonu.
             Mangled by a death yak (16 damage)
             ... on level 9 of the Dungeon.
             The game lasted 01:23:37 (9533 turns).

Leekoo the Spear-Bearer (Formicid Abyssal Knight)   Turns: 9533, Time: 01:23:37

Health: -13/80     AC: 18    Str: 26    XL:     11   Next: 12%
Magic:  21/22      EV:  7    Int: 11    God:    Lugonu [*****.]
Gold:   85         SH: 13    Dex: 10    Spells: 10/10 levels left

rFire    + . .     SeeInvis +   D - +2 halberd (protect)
rCold    . . .     Gourm    .   L - +0 shield
rNeg     . . .     Faith    .   H - +0 chain mail {rF+}
rPois    .         Spirit   .   (helmet unavailable)
rElec    .         Reflect  +   l - +2 cloak
rCorr    .         Harm     .   O - +2 pair of gloves
MR       +....                  M - +0 pair of boots
Stlth    ..........             y - +3 amulet of reflection
HPRegen  0.23/turn              e - +5 ring of strength
MPRegen  0.18/turn              j - ring of magical power

@: no status effects
A: permanent stasis, dig shafts and tunnels, four strong arms, antennae 3
a: Dig, Shaft Self, Depart the Abyss, Bend Space, Banish, Corrupt, Enter the
Abyss, Renounce Religion


You were on level 9 of the Dungeon.
You worshipped Lugonu.
Lugonu was extremely pleased with you.
You were hungry.

You visited 1 branch of the dungeon, and saw 10 of its levels.
You visited the Abyss 1 time.

You collected 323 gold pieces.
You spent 238 gold pieces at shops.

Inventory:

Hand Weapons
 a - a +2 spear
 D - a +2 halberd of protection (weapon)
 J - a +4 quarterstaff of chaos
Missiles
 k - 264 stones (quivered)
 z - a throwing net
Armour
 l - a +2 cloak (worn)
 H - a +0 chain mail of fire resistance (worn)
 L - a +0 shield (worn)
 M - a +0 pair of boots (worn)
 O - a +2 pair of gloves (worn)
 P - a +0 scale mail of positive energy
Jewellery
 e - a +5 ring of strength (left hand)
 j - a ring of magical power (right hand)
 t - an uncursed amulet of regeneration
 y - a +3 amulet of reflection (around neck)
 A - an uncursed ring of ice
Wands
 q - a wand of acid (3)
 u - a wand of flame (28)
 x - a wand of random effects (34)
 B - a wand of iceblast (13)
Scrolls
 h - a scroll of immolation {unknown}
 n - 2 scrolls of enchant weapon
 p - a scroll of silence {unknown}
 r - 2 scrolls of remove curse
 v - 2 scrolls of random uselessness {unknown}
 w - a scroll of fog
 G - 2 scrolls of amnesia
 I - a scroll of acquirement {unknown}
Potions
 d - a potion of agility
 f - a potion of lignification
 g - 4 potions of mutation {unknown}
 i - 2 potions of flight {unknown}
 o - a potion of invisibility {unknown}
 C - a potion of magic {unknown}
 E - 3 potions of curing {unknown}
 F - 2 potions of resistance {unknown}
 K - a potion of cancellation {unknown}
Comestibles
 b - a chunk of flesh
 c - 14 rations


   Skills:
 + Level 5.2 Fighting
 * Level 13.0 Polearms
 - Level 0.2 Throwing
 + Level 7.9 Armour
 - Level 0.8 Dodging
 * Level 3.9 Shields
 * Level 3.5 Invocations


You had 10 spell levels left.
You didn't know any spells.
Your spell library was empty.

Dungeon Overview and Level Annotations

Branches:
Dungeon (10/15)            Temple (0/1) D:7
   Lair: D:8-11         Orc: D:9-12

Altars:
Ashenzari
Cheibriados
Makhleb
Nemelex Xobeh
Okawaru

Shops:
D:6 (   D:10 :

Annotations:
D:10 Fannar


Innate Abilities, Weirdness & Mutations

You cannot be hasted, slowed, berserked, paralysed or teleported.
You can dig through walls and to a lower floor.
Your four strong arms can wield two-handed weapons with a shield.
You have a pair of large antennae on your head. (SInv)


Message History

Okay, then.
You hit the death yak.
The death yak is lightly wounded.
The leopard gecko bites you but does no damage.
The death yak gores you!
* * * LOW HITPOINT WARNING * * *
Space bends around you!
You blink.
The ogre hits you but does no damage. The crimson imp hits you.
* * * LOW HITPOINT WARNING * * *
Space bends around you!
You blink.
You don't have enough health at the moment.
Okay, then.
Okay, then.
As you read the scroll of fog, it crumbles to dust.
The scroll dissolves into smoke.
The crimson imp shouts, "Give up, thou ducking guts-griping canker-blossom!"
You block the crimson imp's attack. You block the death yak's attack.
The crimson imp hits you but does no damage.
The death yak gores you!
You die...

##........#....
#......#####.#
#..###..####..#
#..#....##.{..#
##.......l...##
####..##..{##...####
##§###..###..#5......
##§§§##...##......#...
#.§§§@§..#.#..######..
###§l5Y§...(.).# ..
#..§OY§.....†.## .
#.....#.....#....
##.§:####...#..###
#...# ######.# #..##
## ##.# ###


You could see 2 death yaks, an ogre, a crimson imp and a leopard gecko.

Vanquished Creatures
  A troll (D:9)
  8 yaks (D:9)
  Sigmund (D:4)
  A wyvern (D:9)
  Grum (D:8)
  Menkaure (D:4)
  A water moccasin (D:8)
  Duvessa (D:7)
  2 orc warriors (D:7)
  A necrophage (D:9)
  4 sky beasts
  2 phantoms (D:6)
  2 ice beasts
  2 wolves (D:8)
  3 centaurs
  A big kobold (D:8)
  A gnoll sergeant (D:6)
  8 bullfrogs
  Dowan (D:7)
  3 scorpions
  4 killer bees (D:7)
  A howler monkey (D:10)
  3 wights (D:6)
  2 centaur zombies
  3 crimson imps (D:5)
  2 hounds
  2 bullfrog zombies (D:9)
  2 jellies
  Crazy Yiuf (D:7)
  7 orc priests
  A centaur skeleton (D:5)
  3 iguanas
  6 orc wizards
  6 worker ants
  A killer bee zombie (D:7)
  A hound zombie (D:6)
  2 hound skeletons
  2 worker ant zombies
  4 gnolls
  13 adders
  2 shadow imps
  An ooze (D:3)
  An adder skeleton (D:8)
  2 worms
  A dart slug (D:2)
  7 leopard geckos
  31 orcs
  2 ball pythons (D:2)
  9 giant cockroaches
  6 goblins
  A hobgoblin (D:3)
  4 jackals (D:5)
  14 kobolds
  4 quokkas
  11 bats
  2 frilled lizards
  A jackal skeleton (D:3)
  A jackal zombie (D:9)
  A quokka skeleton (D:5)
  11 rats
223 creatures vanquished.

Vanquished Creatures (others)
  A centaur (D:9)
1 creature vanquished.

Grand Total: 224 creatures vanquished

Notes
Turn   | Place    | Note
-------+----------+-------------------------------------------
     0 | Abyss:1  | Leekoo the Formicid Abyssal Knight began the quest for the
                  | Orb.
     0 | Abyss:1  | Reached XP level 1. HP: 18/18 MP: 2/2
    16 | D:1      | Escaped the Abyss
   202 | D:1      | Reached XP level 2. HP: 16/24 MP: 3/3
   531 | D:1      | Found a shattered altar of Ashenzari.
   879 | D:1      | Reached ** piety under Lugonu
  1149 | D:2      | Reached XP level 3. HP: 27/29 MP: 5/5
  1315 | D:2      | Reached skill level 3 in Polearms
  1397 | D:2      | Found a snail-covered altar of Cheibriados.
  1403 | D:2      | Found a burning altar of Makhleb.
  1403 | D:2      | Found an iron altar of Okawaru.
  1525 | D:2      | Reached XP level 4. HP: 35/35 MP: 6/6
  2371 | D:3      | Reached XP level 5. HP: 41/41 MP: 7/7
  2700 | D:3      | Reached skill level 4 in Polearms
  3020 | D:4      | Reached *** piety under Lugonu
  3216 | D:4      | Reached XP level 6. HP: 45/47 MP: 8/8
  3229 | D:4      | Reached skill level 5 in Polearms
  3565 | D:4      | Noticed Menkaure
  3576 | D:4      | Killed Menkaure
  3576 | D:4      | Reached skill level 6 in Polearms
  3576 | D:4      | Reached XP level 7. HP: 36/52 MP: 9/9
  3769 | D:4      | Noticed Sigmund
  4044 | D:4      | Killed Sigmund
  4044 | D:4      | Reached skill level 7 in Polearms
  4169 | D:5      | Entered Level 5 of the Dungeon
  4284 | D:5      | Reached XP level 8. HP: 56/58 MP: 10/10
  4366 | D:6      | Found a sparkling altar of Nemelex Xobeh.
  4562 | D:5      | Reached skill level 8 in Polearms
  4845 | D:5      | Reached skill level 9 in Polearms
  4931 | D:5      | Reached **** piety under Lugonu
  5315 | D:6      | Reached skill level 5 in Armour
  5337 | D:5      | Reached XP level 9. HP: 41/64 MP: 11/11
  5593 | D:6      | Reached skill level 10 in Polearms
  6371 | D:6      | Found Gaxenoi's Antique Weapon Shop.
  6781 | D:6      | Bought a glowing halberd for 238 gold pieces
  6881 | D:7      | Found a staircase to the Ecumenical Temple.
  7005 | D:7      | Reached skill level 11 in Polearms
  7049 | D:7      | Noticed Dowan
  7069 | D:7      | Found a runed translucent door.
  7070 | D:7      | Noticed Crazy Yiuf
  7082 | D:7      | Killed Crazy Yiuf
  7121 | D:7      | Noticed Duvessa
  7143 | D:7      | Killed Duvessa
  7276 | D:7      | Killed Dowan
  7374 | D:7      | Reached XP level 10. HP: 64/70 MP: 12/12
  7459 | D:8      | Noticed Grum
  7544 | D:8      | Killed Grum
  7594 | D:8      | Reached ***** piety under Lugonu
  7625 | D:8      | Reached skill level 12 in Polearms
  7845 | D:7      | Reached skill level 1 in Shields
  9123 | D:10     | Entered Level 10 of the Dungeon
  9123 | D:10     | Found Peutan's Book Shop.
  9123 | D:10     | Noticed Erolcha
  9183 | D:9      | Reached skill level 5 in Fighting
  9189 | D:9      | Reached XP level 11. HP: 56/78 MP: 13/13
  9433 | D:10     | Noticed a death yak
  9445 | D:10     | Noticed a death yak
  9446 | D:10     | Noticed a death yak
  9446 | D:10     | Noticed a death yak
  9455 | D:9      | Reached skill level 13 in Polearms
  9457 | D:10     | Noticed a death yak
  9457 | D:10     | Noticed a death yak
  9458 | D:10     | Noticed Fannar
  9529 | D:9      | HP: 4/80 [crimson imp (3)]
  9533 | D:9      | Mangled by a death yak

Skill      XL: |  1  2  3  4  5  6  7  8  9 10 11 |
---------------+----------------------------------+-----
Polearms       | 3 4 6 7 9 11 12 13 | 13.0
Armour         | 3 4 5 6 7 |  7.9
Fighting       | 5 |  5.2
Shields        | 3 |  3.9
Invocations    | 3 |  3.5
Throwing       | |  0.2
Dodging        | |  0.8

Action                   |  1- 3 |  4- 6 |  7- 9 | 10-12 || total
-------------------------+-------+-------+-------+-------++-------
Melee: Spear             |   125 |   236 |   505 |       ||   866
       Halberd           |       |       |    63 |   353 ||   416
Throw: Stone             |     1 |     2 |     1 |     1 ||     5
Invok: Bend Space        |       |       |       |    13 ||    13
 Abil: Dig               |     1 |       |     1 |       ||     2
  Use: Scroll            |       |     2 |     8 |     3 ||    13
       Potion            |       |       |       |     3 ||     3
  Eat: Chunk             |     2 |     7 |    13 |     3 ||    25
       Ration            |       |       |       |     1 ||     1
Armor: Leather armour    |    11 |       |       |       ||    11
       Ring mail         |     9 |       |       |       ||     9
       Chain mail        |    18 |    88 |   202 |   178 ||   486
       Skin              |       |       |       |    13 ||    13
Dodge: Dodged            |    62 |    62 |   139 |    80 ||   343
Block: Shield            |       |       |       |   127 ||   127
       Reflection        |       |       |       |     2 ||     2
